 Dungeon Crawl Stone Soup version 0.30.1-4-g462c640d31 (webtiles) character file.

Game seed: 4601068865451272324

321 booth the Trooper (level 6, 0/48 HPs)
             Began as a Demonspawn Fighter on Aug 24, 2023.
             Slain by an iguana (5 damage)
             ... on level 4 of the Dungeon.
             The game lasted 00:18:22 (3628 turns).

booth the Trooper (Demonspawn Fighter)              Turns: 3628, Time: 00:18:23

Health: 0/48       AC:  8    Str: 19    XL:     6   Next: 22%
Magic:  6/6        EV:  9    Int:  9    God:
Gold:   131        SH:  4    Dex: 12    Spells: 5/5 levels left

rFire   . . .        a - +0 war axe
rCold   . . .        c - +0 buckler
rNeg    + . .        k - +0 scale mail {rN+}
rPois   +            (helmet restricted)
rElec   .            (no cloak)
rCorr   .            b - +0 pair of gloves
SInv    .            (no boots)
Will    .....        (no amulet) Stlth
                     j - ring of poison resistance
HPRegen 0.28/turn    (no ring)
MPRegen 0.10/turn

%: no passive effects
@: mighty
A: antennae 1
a: no special abilities


You were on level 4 of the Dungeon.
You visited 1 branch of the dungeon, and saw 4 of its levels.

You collected 131 gold pieces.

Inventory:

Hand Weapons
 a - a +0 war axe (weapon)
Armour
 b - a +0 pair of gloves (worn)
 c - a +0 buckler (worn)
 k - a +0 scale mail of positive energy (worn)
Jewellery
 g - a +6 ring of intelligence
 j - a ring of poison resistance (left hand)
Wands
 l - a wand of flame (7)
Scrolls
 e - a scroll of fear
 h - a scroll of silence
 i - 2 scrolls of teleportation
Potions
 f - a potion of brilliance


   Skills:
 + Level 4.0 Fighting
 * Level 4.0 Axes
 + Level 3.8 Armour
 + Level 3.7 Shields


You had 5 spell levels left.
You didn't know any spells.
Your spell library contained the following spells:

 Spells                   Type           Power      Damage    Failure   Level
 Kiss of Death            Conj/Necr      0%         2d5       83%         1
 Confusing Touch          Hex            0%         N/A       99%         3
 Frozen Ramparts          Ice            0%         1d1       99%         3
 Dispel Undead            Necr           0%         3d6       100%        4
 Ice Form                 Ice/Tmut       0%         N/A       100%        4
 Summon Ice Beast         Ice/Summ       0%         N/A       100%        4


Dungeon Overview and Level Annotations

Branches:
Dungeon (4/15)
 Temple: D:4-7

Altars:


Innate Abilities, Weirdness & Mutations

You have a pair of small antennae on your head.


Message History

The iguana is lightly wounded.
The iguana bites you! The iguana bites you.
You barely miss the iguana.
The iguana is lightly wounded.
The iguana bites you but does no damage.
You hit the iguana but do no damage.
The iguana is lightly wounded.
The iguana bites you!
You hit the iguana but do no damage.
The iguana is lightly wounded.
The iguana bites you. x2
* * * LOW HITPOINT WARNING * * *
You hit the iguana.
The iguana is moderately wounded.
You block the iguana's attack.
You closely miss the iguana.
The iguana is moderately wounded.
The iguana misses you. The iguana bites you.
* * * LOW HITPOINT WARNING * * *
You hit the iguana.
The iguana is heavily wounded.
You block the iguana's attack.
You hit the iguana but do no damage.
The iguana is heavily wounded.
You block the iguana's attack.
You hit the iguana.
The iguana is severely wounded.
The iguana barely misses you. The iguana bites you!
* * * LOW HITPOINT WARNING * * *
The iguana attacks as you move away! The iguana barely misses you.
You barely miss the iguana.
The iguana is severely wounded.
The iguana bites you.
* * * LOW HITPOINT WARNING * * *
You feel very mighty all of a sudden. The iguana closely misses you.
You barely miss the iguana.
The iguana is severely wounded.
The iguana bites you.
You die...

#...######..#
#...# ....
#...###.##..#
#...##......#####
#...##..##......
#............. #
##.##.####..# ..#
#.##.# #.l# ..##
#†##.####.@##.#.##
#..........#...#.#
####.####.).......
#.# ##)#...#..
#.#####.##.######
#.......)).......
#################


You could see an iguana.

Vanquished Creatures
  A scorpion (D:3)
  A hound (D:4)
  An orc priest (D:4)
  An orc wizard (D:3)
  Robin (D:3)
  5 adders
  A shadow imp (D:3)
  4 dart slugs
  9 orcs
  3 ball pythons
  5 bats
  8 endoplasms
  2 giant cockroaches
  16 goblins
  10 hobgoblins
  6 jackals
  7 kobolds
  A quokka (D:3)
  9 frilled lizards
  5 rats
96 creatures vanquished.

Notes
Turn   | Place    | Note
-------+----------+-------------------------------------------
     0 | D:1      | booth the Demonspawn Fighter began the quest for the Orb.
     0 | D:1      | Reached XP level 1. HP: 18/18 MP: 1/1
   158 | D:1      | Gained mutation: You have a pair of small antennae on your
                  | head. [demonic ancestry]
   158 | D:1      | Reached XP level 2. HP: 22/24 MP: 2/2
   773 | D:2      | Reached XP level 3. HP: 29/29 MP: 3/3
  1606 | D:2      | Identified the +3 ring mail of the Garden {+Inv Int+5
                  | Dex-5}
  1890 | D:3      | Noticed a scorpion
  1917 | D:3      | Killed a scorpion
  1918 | D:3      | Reached XP level 4. HP: 12/36 MP: 4/4
  2121 | D:3      | Reached XP level 5. HP: 39/42 MP: 5/5
  2250 | D:3      | Identified the +2 helmet of Iga Ynej {Str-5 Dex+4}
  2250 | D:3      | Noticed Robin
  2270 | D:3      | Killed Robin
  3445 | D:4      | Reached XP level 6. HP: 46/48 MP: 6/6
  3628 | D:4      | Slain by an iguana

Illustrated notes

Levels and vault maps discovered:
D:1:      lightli_arrival_quake, layout_rooms, minivault_24,
          minmay_indecisive_spiral
D:2:      layout_basic
D:3:      layout_basic, serial_bayou, serial_bayou_pond_b, serial_bayou_lake_a,
          serial_bayou_pond_e, serial_bayou_pond_b, chequers_avenue,
          chequers_serial_rivers_large_b, chequers_garden,
          grunt_decor_mini_mirrors, minmay_misc_feat_ornament, uniq_robin
D:4:      layout_loops_ring, serial_shops, shop

Skill      XL: |  1  2  3  4  5  6 |
---------------+-------------------+-----
Axes           | 2 3 4 |  4.0
Shields        | 3 |  3.7
Armour         | 3 |  3.8
Fighting       | 4 |  4.0

Action                     |  1- 3 |  4- 6 || total
---------------------------+-------+-------++-------
  Melee: War axe           |   140 |   182 ||   322
    Use: Scroll            |     2 |     2 ||     4
         Potion            |     2 |     2 ||     4
 Armour: Scale mail        |    58 |    93 ||   151
  Dodge: Dodged            |    54 |    66 ||   120
  Block: Buckler           |    34 |    35 ||    69
